 Dungeon Crawl Stone Soup version 0.28-a0-239-g68911e0c57 (webtiles) character file.

Game seed: 7809955691232817931

8554 jisko22 the Thaumaturge (level 11, -1/77 HPs)
             Began as a Djinni Fire Elementalist on Aug 23, 2021.
             Was a Believer of Makhleb.
             Slain by a killer bee (7 damage)
             ... on level 1 of the Lair of Beasts.
             The game lasted 00:56:06 (21828 turns).

jisko22 the Thaumaturge (Djinni Fire Elementalist) Turns: 21828, Time: 00:56:07

Health: -1/77      AC:  4    Str:  7    XL:     11   Next: 58%
Gold:   637        EV: 12    Int: 17    God:    Makhleb [**....] SH:  6 Dex: 17

rFire   + + .      SeeInvis .   i - +0 long sword
rCold   + . .      Faith    .   j - +1 buckler
rNeg    . . .      Spirit   .   k - +0 leather armour
rPois   ∞          Reflect  .   (no helmet)
rElec   .          Harm     .   m - +0 cloak
rCorr   .          Rampage  .   (no gloves)
Will    +....                   (boots unavailable)
Stlth   ++........              (no amulet)
HPRegen 0.22/turn               v - ring of protection from cold
MPRegen 0.00/turn               y - ring of protection from cold

@: flying
A: sickness immunity, fire resistance 2, cold vulnerability 1, float, innate
caster, hp casting, extra vitality 1
a: Renounce Religion, Minor Destruction


You were on level 1 of the Lair of Beasts.
You worshipped Makhleb.
Makhleb was pleased with you.
You visited 3 branches of the dungeon, and saw 12 of its levels.

You collected 728 gold pieces.
You spent 91 gold pieces at shops.

Inventory:

Hand Weapons
 e - a +0 dagger
 i - a +0 long sword (weapon)
 n - a +0 falchion
Armour
 a - a +0 robe
 h - a +0 scale mail
 j - a +1 buckler (worn)
 k - a +0 leather armour (worn)
 m - a +0 cloak (worn)
Jewellery
 d - a ring of ice
 v - a ring of protection from cold (left hand)
 y - a ring of protection from cold (right hand)
 A - the ring "Tianoamp" {rC- rCorr MP+9 Int+4 Stlth+}
   (You took it off a gnoll on level 8 of the Dungeon)

   [ring of magical power]

   Int:       It affects your intelligence (+4).
   rC:        It makes you vulnerable to cold.
   MP:        It affects your magic capacity (+9).
   rCorr:     It protects you from acid and corrosion.
   Stlth:     It makes you more stealthy.
Wands
 o - a wand of flame (12)
 u - a wand of iceblast (5)
Scrolls
 b - 2 scrolls of immolation
 l - a scroll of magic mapping
 p - a scroll of amnesia
 C - 2 scrolls of identify
 D - a scroll of fear {unknown}
Potions
 c - a potion of magic
 g - a potion of attraction
 q - a potion of lignification
 r - a potion of resistance
 x - 2 potions of degeneration
 z - a potion of cancellation


   Skills:
 + Level 6.3 Fighting
 + Level 6.5 Long Blades
 - Level 4.1 Armour
 - Level 2.8 Dodging
 - Level 2.2 Stealth
 - Level 4.0 Shields
 * Level 8.3 Spellcasting
 * Level 2.6 Invocations
 - Level 7.0 Evocations


You couldn't memorise any spells.
You knew the following spells:

 Your Spells              Type           Power      Damage    Failure   Level
a - Foxfire               Conj/Fire      100%       2x1d9     1%          1
b - Conjure Flame         Conj/Fire      35%        6-21      1%          3
c - Fulminant Prism       Conj/Hex       17%        3d11      4%          4
d - Sticky Flame          Conj/Fire      35%        2d5       4%          4
e - Fireball              Conj/Fire      17%        3d9       14%         5
f - Corona                Hex            38%        N/A       1%          1
g - Slow                  Hex            35%        N/A       1%          2
h - Tukima's Dance        Hex            35%        N/A       1%          3
i - Inner Flame           Hex/Fire       35%        N/A       1%          3
j - Iskenderun's Mystic   Conj/Tloc      35%        2d8       4%          4
Your spell library was empty.

Dungeon Overview and Level Annotations

Branches:
Dungeon (9/15)             Temple (1/1) D:4            Lair (2/6) D:8
  Swamp (0/4) Lair:2
  Snake: Lair:2-4    Spider: Lair:2-4       Orc: D:9-12

Altars:
Ashenzari
Cheibriados
Dithmenos
Elyvilon
Fedhas
Gozag
Hepliaklqana
Kikubaaqudgha
Makhleb
Nemelex Xobeh
Okawaru
Qazlal
Ru
Sif Muna
Trog
Uskayaw
Vehumet
Wu Jian
Xom
Yredelemnul
The Shining One

Shops:
D:2 [   D:6 [   D:7 **

Annotations:
D:2 Good armor 800 gold


Innate Abilities, Weirdness & Mutations

You are immune to sickness and miasma.
You are immune to poison.
Your flesh is very heat resistant. (rF++)
You are vulnerable to cold. (rC-)
You float through the air rather than walking.
You learn spells naturally, not from books.
Your magical power is your life essence.
You have superior vitality. (+4 HP)


Message History

Aim: a killer bee
Okay, then.
Aiming: Fireball (dangerous; 14% risk of failure)
Press: ? - help, Q - select action, (/) - cycle Shift-Dir - straight line That beam is likely to hit you.
Continue anyway?
The fireball explodes!
The fireball engulfs the killer bee.
The killer bee is moderately wounded.
The fireball engulfs the water moccasin!
The water moccasin is severely wounded.
The fireball engulfs the killer bee!
You kill the killer bee!
Makhleb accepts your kill.
You feel better. The fireball engulfs you. You resist.
The fireball engulfs the cane toad!
The cane toad is moderately wounded.
The killer bee barely misses you. You block the killer bee's attack.
The killer bee stings you.
* * * LOW HITPOINT WARNING * * *
The killer bee closely misses you.
You riposte.
You hit the killer bee but do no damage.
The killer bee is moderately wounded.
Unknown command.
The killer bee stings you but does no damage.
The water moccasin bites you.
* * * LOW HITPOINT WARNING * * *
The killer bee closely misses you. x2; You riposte.
You hit the killer bee.
The killer bee is severely wounded.
The water moccasin bites you.
* * * LOW HITPOINT WARNING * * *
You block the killer bee's attack. The killer bee completely misses you.
You riposte.
You miss the killer bee.
The killer bee is severely wounded.
The killer bee stings you.
* * * LOW HITPOINT WARNING * * *
Okay, then.
As you read the scroll labelled QOTUBA FIFIX, it crumbles to dust.
It is a scroll of enchant armour.
Your +0 buckler glows green for a moment.
The killer bee stings you!
You die...

##### ##≈♣≈# ##≈P≈≈♣ #≈≈≈≈P♣♣#
#♣≈≈≈≈≈≈# #@yP≈..♣# ##y.F..#
#S....# # ##.....#
################..†#.############
.................................
.....................>...........
.....>................÷..........
.................................


You could see a cane toad, a water moccasin and 2 killer bees.

Vanquished Creatures
  Fannar (Lair:1)
  4 cane toads
  2 wyverns
  16 yaks
  2 steam dragons
  6 water moccasins
  2 sky beasts (D:6)
  An orc warrior (D:9)
  An ice beast (D:7)
  An ogre (D:5)
  A centaur (D:9)
  6 wolves (Lair:1)
  A kobold brigand (D:7)
  3 bullfrogs
  A gnoll sergeant (D:7)
  5 scorpions
  9 killer bees
  2 wights (D:8)
  2 centaur zombies
  3 gnoll shamans
  2 orc priests
  A centaur skeleton (D:5)
  4 hounds
  2 jellies
  Natasha (thrice) (D:4)
  4 iguanas
  3 orc wizards
  A hound zombie (D:5)
  A hound skeleton (D:4)
  A howler monkey zombie (D:8)
  19 gnolls
  2 howler monkey skeletons
  4 adders
  3 shadow imps
  A white imp (D:6)
  An ufetubus (D:6)
  A worm (D:1)
  2 dart slugs
  16 orcs
  6 ball pythons
  3 bats
  4 endoplasms
  A giant cockroach (D:1)
  9 goblins
  7 hobgoblins
  8 jackals
  2 quokkas (D:2)
  2 frilled lizards
  12 kobolds
  10 rats
  4 fulminant prisms
208 creatures vanquished.

Vanquished Creatures (collateral kills)
  2 wights (D:8)
  A foxfire (D:6)
3 creatures vanquished.

Vanquished Creatures (others)
  2 dancing weapons
  669 foxfires
  26 fulminant prisms
  A fungus (Lair:1)
  15 plants
713 creatures vanquished.

Grand Total: 924 creatures vanquished

Notes
Turn   | Place    | Note
-------+----------+-------------------------------------------
     0 | D:1      | jisko22 the Djinni Fire Elementalist began the quest for
                  | the Orb.
     0 | D:1      | Reached XP level 1. HP: 15/15 MP: 0/0
   214 | D:1      | You are sucked into a shaft and drop 1 floor!
   217 | D:2      | Reached XP level 2. HP: 20/22 MP: 0/0
   626 | D:1      | Found a faded altar of an unknown god.
  1088 | D:1      | Reached XP level 3. HP: 23/26 MP: 0/0
  1088 | D:1      | Learned a level 1 spell: Corona
  2055 | D:2      | Reached skill level 1 in Long Blades
  2148 | D:2      | Reached skill level 1 in Fighting
  2242 | D:2      | Found a hide-covered altar of Uskayaw.
  2250 | D:2      | Reached XP level 4. HP: 31/32 MP: 0/0
  2504 | D:2      | Found Boloull's Armour Shop.
  2511 | D:2      | Reached skill level 3 in Spellcasting
  2515 | D:2      | Bought a +0 buckler for 63 gold pieces
  2515 | D:2      | Bought a +0 leather armour for 28 gold pieces
  3796 | D:3      | Reached XP level 5. HP: 32/37 MP: 0/0
  3796 | D:3      | Learned a level 2 spell: Slow
  4132 | D:4      | Noticed Natasha
  4144 | D:4      | Killed Natasha
  4145 | D:4      | Reached skill level 1 in Armour
  4145 | D:4      | Reached skill level 1 in Shields
  4243 | D:4      | Noticed Natasha
  4266 | D:4      | Killed Natasha
  4636 | D:4      | Found a staircase to the Ecumenical Temple.
  4702 | D:4      | Noticed Natasha
  4714 | D:4      | Killed Natasha
  5094 | D:4      | Reached XP level 6. HP: 25/42 MP: 0/0
  5478 | Temple   | Entered the Ecumenical Temple
  5589 | Temple   | Became a worshipper of Makhleb the Destroyer
  5968 | D:5      | Entered Level 5 of the Dungeon
  7261 | D:4      | Reached XP level 7. HP: 25/47 MP: 0/0
  7261 | D:4      | Learned a level 3 spell: Tukima's Dance
  8429 | D:5      | Reached skill level 4 in Spellcasting
  9422 | D:5      | Reached XP level 8. HP: 36/52 MP: 0/0
 11395 | D:6      | Reached skill level 5 in Spellcasting
 13155 | D:6      | Found Duxa's Armour Emporium.
 13778 | D:7      | Reached * piety under Makhleb
 13779 | D:7      | Reached XP level 9. HP: 40/59 MP: 0/0
 13779 | D:7      | Learned a level 4 spell: Fulminant Prism
 14259 | D:7      | Found Abayget's Overcharged Wands.
 14953 | D:7      | Found Baser's Assorted Antiques.
 15343 | D:8      | Noticed a boulder beetle
 15392 | D:8      | Reached skill level 1 in Evocations
 16037 | D:9      | Reached skill level 6 in Spellcasting
 17300 | D:8      | Found a staircase to the Lair.
 17326 | Lair:1   | Entered Level 1 of the Lair of Beasts
 17326 | Lair:1   | Noticed a cane toad
 17369 | Lair:1   | Reached skill level 5 in Long Blades
 17369 | Lair:1   | Reached XP level 10. HP: 37/68 MP: 0/0
 17374 | Lair:1   | Killed a cane toad
 17375 | Lair:1   | Reached skill level 7 in Spellcasting
 17375 | Lair:1   | Reached skill level 5 in Evocations
 17380 | Lair:1   | Reached skill level 5 in Fighting
 17631 | Lair:1   | Reached ** piety under Makhleb
 18164 | Lair:1   | Noticed a cane toad
 18178 | Lair:1   | Killed a cane toad
 18179 | Lair:1   | Reached XP level 11. HP: 6/76 MP: 0/0
 18179 | Lair:1   | Learned a level 4 spell: Iskenderun's Mystic Blast
 19542 | D:8      | Identified the ring "Tianoamp" {rC- rCorr MP+9 Int+4
                  | Stlth+}
 19851 | Lair:1   | Reached skill level 8 in Spellcasting
 20150 | Lair:2   | Found a staircase to the Swamp.
 20158 | Lair:2   | Reached skill level 1 in Invocations
 20177 | Lair:2   | HP: 3/76 [wyvern (4)]
 20573 | Lair:2   | Noticed an elephant
 20625 | Lair:2   | Noticed Fannar
 21135 | Lair:1   | Killed Fannar
 21828 | Lair:1   | Slain by a killer bee

Illustrated notes

Levels and vault maps discovered:
D:1:      wheals_arrival_shading, layout_rooms, shapermc_ecumenical_altar_venn,
          minmay_misc_feat_square, minmay_pentomino_p2
D:2:      layout_basic, serial_shops, nicolae_shop_crystal, basic_altar
D:3:      layout_basic, minmay_curled_crystal, chequers_serial_rivers_large_b,
          corexii_hall_statues_i, minmay_cupped
D:4:      layout_rooms, minmay_temple_entry_proselytizer, patterned_corridor,
          uniq_natasha
D:5:      layout_layer_cave
D:6:      layout_basic, serial_shops, shop_fountains, serial_bayou_lagoon_b
D:7:      layout_loops_ring, serial_shops, nicolae_shop_stone,
          nicolae_shop_overcharged_wands
D:8:      layout_basic, lair_entry_dummy
D:9:      layout_roguey, hangedman_decor_push, minivault_5
Temple:   nicolae_temple_the_god_donut
Lair:1:   layout_hall_layers, lemuel_fruit_tree, serial_bayou_shore_b
Lair:2:   hangedman_what_comes_after_a, layout_hall_layers, swamp_mist,
          dummy_snake_entry, uniq_maggie, uniq_fannar

Skill      XL: |  1  2  3  4  5  6  7  8  9 10 11 |
---------------+----------------------------------+-----
Stealth        | 2 |  2.2
Long Blades    | 1 3 5 6 |  6.5
Fighting       | 1 2 4 5 6 |  6.3
Spellcasting   | 3 4 5 6 7 8 |  8.3
Armour         | 1 2 3 4 |  4.1
Shields        | 1 2 4 |  4.0
Evocations     | 3 6 7 |  7.0
Invocations    | 2 |  2.6
Dodging        | |  2.8

Action                   |  1- 3 |  4- 6 |  7- 9 | 10-12 || total
-------------------------+-------+-------+-------+-------++-------
Melee: Long sword        |       |    22 |    63 |    51 ||   136
 Cast: Foxfire           |    64 |   112 |   202 |    29 ||   407
       Tukima's Dance    |       |       |     5 |     5 ||    10
       Slow              |       |       |     4 |     5 ||     9
       Conjure Flame     |       |       |     9 |       ||     9
       Fulminant Prism   |       |       |    12 |    18 ||    30
       Inner Flame       |       |       |     2 |       ||     2
       Sticky Flame      |       |       |     1 |     6 ||     7
       Fireball          |       |       |       |    11 ||    11
Evoke: Wand              |       |       |    10 |    10 ||    20
  Use: Scroll            |     3 |     1 |    17 |     3 ||    24
       Potion            |       |       |     6 |     8 ||    14
 Stab: Distracted        |       |       |       |     1 ||     1
Armor: Robe              |     1 |     2 |       |       ||     3
       Leather armour    |       |    18 |    46 |    20 ||    84
Dodge: Dodged            |     6 |    54 |   149 |    86 ||   295
Block: Buckler           |       |       |    63 |    30 ||    93
       Rpst.: Long sword |       |    14 |    54 |    26 ||    94

Table legend: (Time is in decaauts)
 A = Elapsed time spent in this place.
 B = Non-inter-level travel time spent in this place.
 C = Inter-level travel time spent in this place.
 D = Time resting spent in this place.
 E = Time spent auto-exploring this place.
 F = Levels seen in this place.
 G = Mean time per level.
                   A        B        C        D        E       F      G
               +--------+--------+--------+--------+--------+-----+--------+
         Total |  21869 |  21081 |    788 |  11837 |   6063 |  12 | 1822.4 |
       Dungeon |  17974 |  17464 |    510 |   9301 |   5521 |   9 | 1997.1 |
        Temple |    168 |    152 |     16 |      0 |     94 |   1 |  168.0 |
          Lair |   3726 |   3464 |    262 |   2536 |    448 |   2 | 1863.0 |
               +--------+--------+--------+--------+--------+-----+--------+

Top non-repeatable levels by time:
     D:5: 4683 daAuts
  Lair:1: 3645 daAuts
     D:4: 2619 daAuts
     D:1: 1885 daAuts
     D:3: 1848 daAuts
     D:7: 1833 daAuts
     D:6: 1437 daAuts
     D:8: 1426 daAuts
     D:9: 1209 daAuts
     D:2: 1031 daAuts
  Temple: 168 daAuts
  Lair:2: 81 daAuts
